Unix NetHack Version 5.0.0-0 post-release - last build Jul 14 2026 02:55:29 (1809b74e8187c3a3585e283601c3028b46cbbdcb,branch:main).

Game began 2026-07-15 22:52:53, ended 2026-07-15 23:57:44.

ExaDeuce, lawful male human Samurai

  -------
  |......              Y                Y          G
  |G..G@|
  |......                             n
  -------

                                          @        G@         G
                       @
                         @ G              G    @
                            G              @
                                                    G
                                     @        @
           h                            G      m

ExaDeuce the Ronin     St:17 Dx:14 Co:18 In:8 Wi:10 Ch:9  Lawful
Dlvl:7  $:3284 HP:48(48) Pw:10(10) AC:-2 Xp:4 T:4034  Blind

Latest messages:
 You kill the gnome lord!
 The gnome king picks up a dart.
 You see here a gnome lord corpse.
 There is a gnome lord corpse here; eat it? [ynq] (n) y
 This gnome lord corpse tastes terrible!
 A dart misses you.
 You stop eating the gnome lord corpse.
 There is a partly eaten gnome lord corpse here; eat it? [ynq] (n) y
 You resume your meal.
 You finish eating the gnome lord corpse.
 It is hit.
 It is destroyed!
 v - a dart.
 A dart misses you.
 What do you want to zap? [hknZ or ?*] h
 A lit field surrounds you!
 The gnome king throws 2 darts!
 The 1st dart misses you.
 The 2nd dart misses you.
 The gnome king picks up a dart.
 The gnome king picks up 2 darts.
 The gnome hits!
 What do you want to zap? [hknZ or ?*] h
 A lit field surrounds you!
 A bear trap closes on your foot!
 Your pair of iron shoes protects your leg.
 You are caught in a bear trap.
 You are caught in a bear trap.
 You are caught in a bear trap.
 You are caught in a bear trap.
 You are caught in a bear trap.
 You are caught in a bear trap.
 You are caught in a bear trap.
 You finally wriggle free.
 What do you want to zap? [hknZ or ?*] h
 A lit field surrounds you!
 The orc mummy is caught in a bear trap!
 You climb up the stairs.
 What do you want to put on? [wQ or ?*] w
 You are now wearing a blindfold.
 You can't see any more.
 Pick a monster, object or location.
 Your wallet contains 3284 zorkmids.
 You don't have anything to drink.
 Really quit without saving? [yes|no] YES
 Do you want your possessions identified? [ynq] (y) y
 Do you want to see your attributes? [ynq] (y) y
 Do you want an account of creatures vanquished? [ynaq] (y) y
 Do you want to see your conduct and achievements? [ynq] (y) y
 Do you want to see the dungeon overview? [ynq] (y) y

Inventory:
 Coins    ('$')
  $ - 3284 gold pieces
 Weapons  (')')
  Y - 8 blessed +0 arrows (in quiver)
  l - 3 +1 arrows
  d - 39 +0 ya
  c - a +0 yumi (alternate weapon; not wielded)
  v - a +0 dart
  r - a +0 dagger
  H - a +0 orcish dagger
  a - a blessed +0 katana (weapon in right hand)
  b - a +0 wakizashi
 Armor    ('[')
  B - an uncursed +0 orcish helm (being worn)
  G - an uncursed +0 pair of iron shoes (being worn)
  s - an uncursed +0 cloak of protection (being worn)
  e - an uncursed rustproof +0 splint mail (being worn)
 Comestibles  ('%')
  m - a cursed slime mold
  S - 2 uncursed apples
  o - 4 uncursed gunyoki
  N - 2 uncursed lembas wafers
  x - 2 cursed lembas wafers
  J - 2 uncursed eggs
  i - an uncursed lichen corpse
  j - 2 uncursed lichen corpses
 Rings    ('=')
  Q - an uncursed ring of searching
 Wands    ('/')
  k - a wand of digging (0:3)
  Z - a wand of enlightenment (0:13)
  h - a wand of light (0:5)
  n - a wand of magic missile (0:6)
 Tools    ('(')
  q - a cursed tooled horn
  w - an uncursed blindfold (being worn)
  t - an uncursed magic whistle
 Gems/Stones  ('*')
  g - 2 uncursed worthless pieces of green glass
  p - an uncursed worthless piece of orange glass
  u - 2 uncursed worthless pieces of white glass

ExaDeuce the Samurai's attributes:

Background:
 You were a Ronin, a level 4 male human Samurai.
 You were lawful, on a mission for Amaterasu Omikami
 who was opposed by Raijin (neutral) and Susanowo (chaotic).
 You were right-handed.
 You were in the Gnomish Mines, on level 7.
 You entered the dungeon 4034 turns ago.
 It was nighttime.
 There was a new moon in effect when your adventure ended.
 You had 157 experience points, 3 more were needed to attain level 5.

Basics:
 You had all 48 hit points.
 You had all 10 energy points (spell power).
 Your armor class was -2.
 Your wallet contained 3284 zorkmids.
 Autopickup was on for '$!/="?' plus thrown, with exceptions.

Final Characteristics:
 Your strength was 17 (limit:18/100).
 Your dexterity was 14 (limit:18).
 Your constitution was 18 (limit:18).
 Your intelligence was 8 (limit:18).
 Your wisdom was 10 (limit:18).
 Your charisma was 9 (limit:18).

Final Status:
 You were deliberately blind.
 You weren't hungry.
 You were unencumbered.
 You were wielding a long sword.
 You had basic skill with long sword.

Final Attributes:
 You were piously aligned.
 You were telepathic.
 You were protected.
 You were fast.
 You survived.

Miscellaneous:
 You encountered 1 bones level.
 Total elapsed playing time was 1 hour, 4 minutes and 51 seconds.

Major events:
 Turn
    1: ExaDeuce the lawful male human Samurai entered the dungeon
  896: attained the rank of Ronin (level 3)
 1080: entered the Gnomish Mines
 4034: quit

You didn't know any spells.

Skills:
 Fighting Skills
   martial arts      [Basic]
   two weapon combat [Unskilled]
   riding            [Unskilled]
 Weapon Skills
   dagger            [Unskilled]
   knife             [Unskilled]
   short sword       [Basic]
   broadsword        [Unskilled]
   long sword        [Basic]
   two-handed sword  [Unskilled]
   saber             [Unskilled]
   flail             [Unskilled]
   quarterstaff      [Unskilled]
   polearms          [Unskilled]
   spear             [Unskilled]
   lance             [Unskilled]
   bow               [Basic]
   shuriken          [Unskilled]
 Spellcasting Skills
   attack spells     [Unskilled]
   divination spells [Unskilled]
   clerical spells   [Unskilled]

Voluntary challenges:
 Character rerolling was not enabled.
 You never genocided any monsters.
 You never polymorphed an object.
 You used no wishes.
Achievements:
 You entered a shop.
 You attained the rank of Ronin.
 You entered the Gnomish Mines.

 The Dungeons of Doom: levels 1 to 5
    Level 1:
       A fountain.
    Level 2:
       A general store.
    Level 3: "temp stash"
       A fountain.
       Stairs down to The Gnomish Mines.
    Level 4:
       Many fountains.
       Final resting place for
          Eisengrim-Wiz-Elf-Mal-Cha, killed by a rabid rat.
    Level 5:
 The Gnomish Mines: levels 4 to 9
    Level 4:
    Level 5:
    Level 6:
    Level 7: <- You were here.
    Level 8:
    Level 9:


Vanquished creatures:
  a ghost
  a small mimic
  2 rock piercers
  a shrieker
  4 gnome leaders
  2 floating eyes
  2 kittens
  5 dwarves
  a kobold leader
  a rabid rat
  2 centipedes
  a giant bat
 an orc zombie
  a werejackal
  a manes
  a large kobold
 15 gnomes
  a gnome zombie
  2 geckos
 10 jackals
  3 foxes
  a kobold
  4 goblins
  3 sewer rats
  2 grid bugs
  6 lichens
  7 newts
81 creatures vanquished.

No species were genocided or became extinct.

Sayonara ExaDeuce the Samurai...

You quit in The Gnomish Mines on dungeon level 7 with 4400 points,
and 3284 pieces of gold, after 4034 moves.
You were level 4 with a maximum of 48 hit points when you quit.

